 Dungeon Crawl Stone Soup version 0.30-a0-241-g1121274140 (webtiles) character file.

Game seed: 986114442895692951

98 gzilladon the Sneak (level 5, 0/30 HPs)
             Began as a Kobold Enchanter on Oct 10, 2022.
             Slain by a goblin
             ... wielding a +0 club
             ... led by Robin
              (5 damage)
             ... on level 2 of the Dungeon.
             The game lasted 00:07:26 (1356 turns).

gzilladon the Sneak (Kobold Enchanter)              Turns: 1356, Time: 00:07:27

Health: 0/30       AC:  2    Str:  6    XL:     5   Next: 0%
Magic:  8/8        EV: 15    Int: 16    God:
Gold:   94         SH:  0    Dex: 17    Spells: 8/8 levels left

rFire   . . .      SeeInvis .    a - +1 dagger
rCold   . . .      Faith    .    g - orb {light}
rNeg    . . .      Spirit   .    b - +0 robe
rPois   .          Reflect  .    (no helmet)
rElec   .          Harm     .    (no cloak)
rCorr   .          Rampage  .    (no gloves)
Will    .....                    (no boots)
Stlth   ++........               (no amulet)
HPRegen 0.25/turn                (no ring)
MPRegen 0.11/turn                (no ring)

@: about to teleport, glowing
A: small, no large weapons, nightstalker 3
a: no special abilities


You were on level 2 of the Dungeon.
You visited 1 branch of the dungeon, and saw 2 of its levels.

You collected 94 gold pieces.

Inventory:

Hand Weapons
 a - a +1 dagger (weapon)
Missiles
 e - 2 poisoned darts (quivered)
 i - 11 stones
Armour
 b - a +0 robe (worn)
 g - an orb of light (worn)
Potions
 c - a potion of invisibility
 d - a potion of heal wounds {unknown}
 f - 2 potions of ambrosia {unknown}
 h - 2 potions of curing {unknown}
 k - a potion of degeneration {unknown}


   Skills:
 + Level 1.7 Fighting
 + Level 2.9 Short Blades
 + Level 3.3 Dodging
 * Level 5.3 Stealth
 + Level 2.1 Spellcasting
 + Level 3.1 Hexes


You had 8 spell levels left.
You didn't know any spells.
Your spell library contained the following spells:

 Spells                   Type           Power      Damage    Failure   Level
 Ensorcelled Hibernation  Hex/Ice        12%        N/A       16%         2
 Confusing Touch          Hex            11%        N/A       17%         3
 Tukima's Dance           Hex            11%        N/A       17%         3
 Dazzling Flash           Conj/Hex       12%        N/A       32%         3


Dungeon Overview and Level Annotations

Branches:
Dungeon (2/15)

Altars:

Annotations:
D:2 Robin


Innate Abilities, Weirdness & Mutations

You are small and have problems with some larger weapons.
You are completely attuned to the shadows.


Message History

The hobgoblin is almost dead.
The hobgoblin misses you.
You hit the hobgoblin but do no damage.
The hobgoblin is almost dead.
The hobgoblin barely misses you.
You hit the hobgoblin but do no damage.
The hobgoblin is almost dead.
Robin roars a battlecry!
The goblins go into a battle-frenzy!
The hobgoblin closely misses you.
You hit the hobgoblin.
You kill the hobgoblin!
You completely miss the goblin. The goblin barely misses you.
You hit the goblin.
The goblin is heavily wounded.
You hit the goblin.
You kill the goblin!
Robin throws the goblin at you! The goblin completely misses you.
You have reached level 5!
You feel stronger.
You barely miss the goblin. The goblin hits you with a +0 dagger.
The goblin hits you with a +0 club.
You barely miss the goblin. The goblin hits you with a +0 dagger.
The goblin barely misses you.
You barely miss the goblin. The goblin hits you with a +0 dagger.
The goblin hits you with a +0 club.
* * * LOW HITPOINT WARNING * * *
You hit the goblin.
The goblin is moderately wounded.
The goblin misses you. x2
You hit the goblin.
The goblin is moderately wounded.
The goblin hits you with a +0 dagger.
* * * LOW HITPOINT WARNING * * *
The goblin closely misses you.
As you read the scroll labelled AFUASEAFFE, it crumbles to dust.
You feel strangely unstable.
It was a scroll of teleportation.
The goblin barely misses you. The goblin misses you.
The goblin barely misses you. The goblin hits you with a +0 club.
You die...

......#........# #.........#.
#.###.#........# #............#
.........<.....####............##
.......†##..†..#................#
........<+.....#.###.....)......#
.###.#.#.#.....#.# ######.......#
..##.#.#...#+###.# #........
..##.#.###># #g# ######.##
...........# #@# #.## .####†.####
##g## #... .# ##..... #.g)# #.#.
######.#### #...+ #... #.......#
#...# #.## #.....#.# #...# #.#
......#.### #...# #.##
#.........## #... #.###.##...##
###.#.


You could see Robin and 2 goblins.

Vanquished Creatures
  Natasha (D:2)
  3 adders (D:2)
  A dart slug (D:2)
  A ball python (D:2)
  4 bats
  4 endoplasms
  4 giant cockroaches
  8 hobgoblins
  2 quokkas (D:1)
  2 frilled lizards (D:1)
  5 goblins
  3 kobolds
  2 rats (D:2)
40 creatures vanquished.

Notes
Turn   | Place    | Note
-------+----------+-------------------------------------------
     0 | D:1      | gzilladon the Kobold Enchanter began the quest for the Orb.
     0 | D:1      | Reached XP level 1. HP: 10/10 MP: 3/3
   131 | D:1      | Reached XP level 2. HP: 15/15 MP: 5/5
   757 | D:2      | Reached skill level 1 in Fighting
   773 | D:2      | Reached XP level 3. HP: 11/20 MP: 6/6
   838 | D:2      | Reached skill level 5 in Stealth
   864 | D:2      | Reached XP level 4. HP: 25/25 MP: 7/7
   940 | D:2      | Noticed Natasha
   958 | D:2      | Killed Natasha
  1338 | D:2      | Noticed Robin
  1350 | D:2      | Reached XP level 5. HP: 26/30 MP: 8/8
  1356 | D:2      | Slain by a goblin

Illustrated notes

Levels and vault maps discovered:
D:1:      saegor_arrival_simple_a, layout_rooms
D:2:      layout_basic, uniq_robin, uniq_natasha

Skill      XL: |  1  2  3 |
---------------+----------+-----
Fighting       | 1 |  1.7
Short Blades   | 2 |  2.9
Dodging        | 3 |  3.3
Stealth        | 5 |  5.3
Spellcasting   | |  2.1
Hexes          | |  3.1

Action                   |  1- 3 |  4- 6 || total
-------------------------+-------+-------++-------
Melee: Dagger            |   112 |    86 ||   198
  Use: Potion            |     1 |       ||     1
       Scroll            |       |     1 ||     1
 Stab: Sleeping          |     3 |     1 ||     4
Armor: Robe              |    32 |    16 ||    48
Dodge: Dodged            |   141 |    84 ||   225

Table legend: (Time is in decaauts)
 A = Elapsed time spent in this place.
 B = Non-inter-level travel time spent in this place.
 C = Inter-level travel time spent in this place.
 D = Time resting spent in this place.
 E = Time spent auto-exploring this place.
 F = Levels seen in this place.
 G = Mean time per level.
                   A        B        C        D        E       F      G
               +--------+--------+--------+--------+--------+-----+--------+
         Total |   1346 |   1270 |     76 |    230 |      0 |   2 |  673.0 |
       Dungeon |   1346 |   1270 |     76 |    230 |      0 |   2 |  673.0 |
               +--------+--------+--------+--------+--------+-----+--------+

Top non-repeatable levels by time:
     D:1: 747 daAuts
     D:2: 598 daAuts
